 Dungeon Crawl Stone Soup version 0.31.0-32-g396128a36d (webtiles) character file.

Game seed: 4770270928067808426

1059 hawla the Carver (level 8, -8/66 HPs)
             Began as a Minotaur Monk on Apr 8, 2024.
             Mangled by an orc warrior
             ... wielding a +0 halberd
              (14 damage)
             ... on level 6 of the Dungeon.
             The game lasted 00:10:58 (5107 turns).

hawla the Carver (Minotaur Monk)                    Turns: 5107, Time: 00:10:58

Health: -8/66      AC:  7    Str: 16    XL:     8   Next: 6%
Magic:  7/7        EV:  6    Int: 13    God:
Gold:   226        SH:  0    Dex: 17    Spells: 7/7 levels left

rFire   . . .        g - +1 dagger (venom)
rCold   . . .        d - orb {light}
rNeg    . . .        l - +0 plate armour
rPois   .            (helmet restricted)
rElec   .            n - +1 cloak
rCorr   .            (no gloves)
SInv    .            (no boots)
Will    .....        h - amulet of regeneration Stlth
                     f - ring of Huecedgh {Int+6 Dex+2}
HPRegen 1.11/turn    (no ring)
MPRegen 0.10/turn

%: no passive effects
@: corroded, glowing
A: horns 2, retaliatory headbutt
a: no special abilities


You were on level 6 of the Dungeon.
You visited 1 branch of the dungeon, and saw 6 of its levels.
You also visited: Sewer.

You collected 226 gold pieces.

Inventory:

Hand Weapons
 a - a +1 heavy falchion
 g - a +1 dagger of venom (weapon)
Missiles
 q - 22 poisoned darts (quivered)
 w - a curare-tipped dart
Armour
 d - an orb of light (worn)
 l - a +0 plate armour (worn)
 n - a +1 cloak (worn)
Jewellery
 f - the ring of Huecedgh (left hand) {Int+6 Dex+2}
   (You found it on level 5 of the Dungeon)

   [ring of intelligence]

   Int+6:     It affects your intelligence (+6).
   Dex+2:     It affects your dexterity (+2).
 h - an amulet of regeneration (around neck)
Wands
 y - a wand of flame (3)
Scrolls
 e - a scroll of butterflies {unknown}
 i - a scroll of fog
Potions
 b - a potion of lignification {unknown}
 k - 3 potions of resistance
 m - a potion of brilliance {unknown}
 o - a potion of might {unknown}
 r - a potion of magic {unknown}
 t - 2 potions of invisibility {unknown}
 v - a potion of haste {unknown}
 x - 3 potions of cancellation {unknown}


   Skills:
 - Level 3.7 Fighting
 + Level 0.2(4.9) Short Blades
 * Level 8.7 Long Blades
 + Level 6.5 Armour
 - Level 3.4 Dodging
 + Level 2.8 Evocations


You had 7 spell levels left.
You didn't know any spells.
Your spell library was empty.

Dungeon Overview and Level Annotations

Branches:
Dungeon (6/15)              Sewer (visited)
 Temple: D:4-7

Altars:
Qazlal

Shops:
D:5 (


Innate Abilities, Weirdness & Mutations

You have a pair of horns on your head.
You reflexively headbutt those who attack you in melee.


Message History

The jelly attacks as it pursues you! The jelly hits you but does no damage.
You hit the jelly but do no damage. The acid corrodes you!
Your hands burn!
You headbutt the jelly.
The jelly is severely wounded.
You hit the jelly but do no damage.
Your hands burn!
The jelly is severely wounded.
The orc warrior throws a boomerang.
The boomerang hits you!
* * * LOW HITPOINT WARNING * * *
The jelly hits you.
* * * LOW HITPOINT WARNING * * *
You are splashed with acid!
* * * LOW HITPOINT WARNING * * *
You are confused.
You feel invigorated.
The orc warrior throws a boomerang.
The boomerang barely misses you. The jelly hits you but does no damage.
The orc warrior throws a boomerang.
The boomerang hits you.
* * * LOW HITPOINT WARNING * * *
The jelly hits you but does no damage.
You bump into the rock wall.
The orc warrior hits you from afar with a +0 halberd.
* * * LOW HITPOINT WARNING * * *
The jelly hits you but does no damage.
You're too confused to move!
The orc warrior completely misses you. The jelly hits you but does no damage.
You hit the jelly.
The jelly is poisoned.
Your hands burn!
The jelly is severely wounded.
The orc warrior hits you from afar with a +0 halberd.
* * * LOW HITPOINT WARNING * * *
The jelly barely misses you.
You bump into the rock wall.
You feel less invigorated.
You feel less confused.
The orc warrior hits you from afar with a +0 halberd!!
* * * LOW HITPOINT WARNING * * *
The jelly hits you but does no damage.
You completely miss the jelly.
You headbutt the jelly, but do no damage.
The jelly is almost dead.
You kill the jelly!
The orc warrior hits you from afar with a +0 halberd!
You die... .PPP ...P PP.PP

##########P....
#...#..))#P.PPP
####.|..#.)#.PoP.P.P
#####..##...#.?#@P.P.P.P
............#..#.)...P.P
............#..#.PPPPPPP
............+..#....#
#####..##>.##.###.###
#..######.# #.# ###..
... ... ... ... ##..
#+##


You could see an orc warrior.

Vanquished Creatures
  Eustachio (D:5)
  Edmund (D:5)
  A kobold brigand (Sewer)
  A phantom (D:5)
  2 bombardier beetles
  3 orc priests
  A hound (D:5)
  2 jellies
  2 iguanas
  Ijyb (D:3)
  Natasha (twice) (D:2)
  2 orc wizards
  10 adders
  A shadow imp (D:5)
  2 ufetubi (D:5)
  2 dart slugs
  5 ribbon worms
  22 orcs
  7 endoplasms
  8 giant cockroaches
  5 goblins
  12 hobgoblins
  3 jackals (D:2)
  19 kobolds
  5 quokkas
  5 ball pythons
  7 bats
  3 frilled lizards
  10 rats
145 creatures vanquished.

Notes
Turn   | Place    | Note
-------+----------+-------------------------------------------
     0 | D:1      | hawla the Minotaur Monk began the quest for the Orb.
     0 | D:1      | Reached XP level 1. HP: 19/19 MP: 0/0
   174 | D:1      | Reached XP level 2. HP: 27/27 MP: 1/1
   232 | D:1      | Reached skill level 4 in Long Blades
   232 | D:1      | Reached skill level 1 in Armour
   808 | D:2      | Noticed Natasha
   816 | D:2      | Killed Natasha
   817 | D:2      | Reached XP level 3. HP: 19/33 MP: 2/2
   980 | D:2      | Reached XP level 4. HP: 40/40 MP: 3/3
  1037 | D:2      | Reached skill level 5 in Long Blades
  1423 | D:2      | Noticed Natasha
  1429 | D:2      | Killed Natasha
  1674 | D:3      | Reached XP level 5. HP: 46/46 MP: 4/4
  1736 | D:3      | Found a stormy altar of Qazlal.
  1787 | D:3      | Found a glowing drain.
  1820 | Sewer    | Entered a sewer
  2133 | Sewer    | Reached skill level 6 in Long Blades
  2359 | D:3      | Reached XP level 6. HP: 52/52 MP: 5/5
  2428 | D:3      | Noticed Ijyb
  3150 | D:3      | Killed Ijyb
  3151 | D:3      | Reached skill level 5 in Armour
  3938 | D:4      | Reached skill level 1 in Evocations
  3947 | D:4      | Reached skill level 7 in Long Blades
  4262 | D:5      | Entered Level 5 of the Dungeon
  4262 | D:5      | Noticed Eustachio
  4273 | D:5      | Noticed Edmund
  4279 | D:5      | Reached XP level 7. HP: 58/58 MP: 6/6
  4289 | D:5      | Found Kuuss's Weapon Shoppe.
  4303 | D:5      | Killed Edmund
  4318 | D:5      | Killed Eustachio
  4319 | D:5      | Reached skill level 8 in Long Blades
  4913 | D:5      | Identified the ring of Huecedgh {Int+6 Dex+2}
  4972 | D:5      | Reached XP level 8. HP: 66/66 MP: 7/7
  5107 | D:6      | Mangled by an orc warrior

Illustrated notes

Levels and vault maps discovered:
D:1:      minmay_arrival_stone_box, layout_loops_ring, nicolae_titane
D:2:      layout_basic, grunt_ministairs_1, minmay_increasing_density,
          uniq_natasha
D:3:      layout_basic, mainiacjoe_overflow_catwalk,
          cheibrodos_sewer_entry_sluice, uniq_ijyb
D:4:      layout_cave_pods, minmay_misc_feat_iff
D:5:      layout_rooms, serial_shops, nicolae_shop_waterfront,
          grunt_ministairs_4, uniq_eustachio, uniq_edmund
D:6:      layout_gridville, xom_confusion_cloud, minmay_temple_entry_glass,
          ebering_dispersal_statue_hall, minmay_hedge_maze, uniq_blork_the_orc

Skill      XL: |  1  2  3  4  5  6  7 |
---------------+----------------------+-----
Long Blades    | 4 5 6 7 8 |  8.7
Armour         | 2 3 4 5 6 |  6.5
Evocations     | 1 2 |  2.8
Fighting       | |  3.7
Short Blades   | |  0.2
Dodging        | |  3.4

Action                     |  1- 3 |  4- 6 |  7- 9 || total
---------------------------+-------+-------+-------++-------
  Melee: Falchion          |    58 |   238 |    37 ||   333
         Headbutt          |    11 |    48 |    18 ||    77
         Dagger            |       |       |    20 ||    20
  Evoke: Wand              |       |     2 |     4 ||     6
    Use: Scroll            |     2 |     9 |     2 ||    13
         Potion            |       |       |     8 ||     8
 Armour: Robe              |    10 |       |       ||    10
         Plate armour      |    34 |   250 |   184 ||   468
  Dodge: Dodged            |    22 |    67 |    63 ||   152
